 Dungeon Crawl Stone Soup version 0.30-a0-585-g93115170b9 (webtiles) character file.

Game seed: 669908920609574040

216 MineK the Skirmisher (level 5, -5/41 HPs)
             Began as a Gnoll Wanderer on Jan 2, 2023.
             Slain by a river rat (7 damage)
             ... summoned by Eustachio
             ... on level 4 of the Dungeon.
             The game lasted 00:08:44 (2626 turns).

MineK the Skirmisher (Gnoll Wanderer)               Turns: 2626, Time: 00:08:44

Health: -5/41      AC:  6    Str:  8    XL:     5   Next: 93%
Magic:  7/7        EV: 12    Int: 11    God:
Gold:   148        SH:  0    Dex: 17    Spells: 7/7 levels left

rFire   . . .      SeeInvis .    m - +0 sling (elec)
rCold   . . .      Faith    .    (no shield)
rNeg    . . .      Spirit   .    r - +1 robe "Zehasis" {Rampage Fly Regen+}
rPois   .          Reflect  .    h - +2 hat
rElec   .          Harm     .    (no cloak)
rCorr   .          Rampage  +    c - +0 pair of gloves
Will    .....                    (no boots)
Stlth   +++                      (no amulet)
HPRegen 1.06/turn                (no ring)
MPRegen 0.10/turn                (no ring)

@: flying, hasted, invisible, very quick
A: fangs 1, strong nose, distributed training
a: no special abilities


You were on level 4 of the Dungeon.
You visited 1 branch of the dungeon, and saw 4 of its levels.

You collected 148 gold pieces.

Inventory:

Hand Weapons
 a - a +2 quarterstaff
 b - a +0 sling
 m - a +0 sling of electrocution (weapon)
Armour
 c - a +0 pair of gloves (worn)
 h - a +2 hat (worn)
 l - +0 ice dragon scales
 r - the +1 robe "Zehasis" (worn) {Rampage Fly Regen+}
   (You found it on level 4 of the Dungeon)

   Fly:       It grants you flight.
   Regen:     It increases your rate of health regeneration.
   Rampage:   It bestows one free step when moving towards enemies.
Scrolls
 f - a scroll of fear {unknown}
 i - 2 scrolls of enchant armour
 j - a scroll of brand weapon
 o - a scroll of amnesia
 p - a scroll of noise {unknown}
 q - a scroll of fog {unknown}
Potions
 d - a potion of lignification


   Skills:
 + Level 3.1 Fighting
 + Level 1.8 Short Blades
 + Level 1.8 Long Blades
 + Level 1.8 Axes
 + Level 1.8 Maces & Flails
 + Level 1.8 Polearms
 + Level 6.8 Staves
 + Level 8.7 Ranged Weapons
 + Level 1.8 Throwing
 + Level 1.8 Armour
 + Level 1.8 Dodging
 + Level 4.5 Stealth
 + Level 1.8 Shields
 + Level 1.8 Unarmed Combat
 + Level 1.8 Spellcasting
 + Level 1.4 Conjurations
 + Level 1.4 Hexes
 + Level 1.4 Summonings
 + Level 1.4 Necromancy
 + Level 1.4 Translocations
 + Level 1.4 Transmutations
 + Level 1.4 Fire Magic
 + Level 1.4 Ice Magic
 + Level 1.4 Air Magic
 + Level 1.4 Earth Magic
 + Level 1.4 Poison Magic
 + Level 2.0 Invocations
 + Level 1.8 Evocations


You had 7 spell levels left.
You didn't know any spells.
Your spell library was empty.

Dungeon Overview and Level Annotations

Branches:
Dungeon (4/15)
 Temple: D:4-7

Altars:
Fedhas

Annotations:
D:4 Eustachio


Innate Abilities, Weirdness & Mutations

You have very sharp teeth.
Your uncanny sense of smell can sniff out nearby items.
Your experience applies equally to all skills.


Message History

The iron imp is lightly wounded.
The grasping roots constrict you. The iron imp hits you.
* * * LOW HITPOINT WARNING * * *
The river rat misses you.
Okay, then.
It was a potion of haste.
You feel yourself speed up. The iron imp closely misses you.
Eustachio screams, "Hey, you killed my favourite bat!"
Eustachio hits you but does no damage. The grasping roots constrict you.
The river rat bites you.
* * * LOW HITPOINT WARNING * * *
The grasping roots release their grip on you.
Okay, then.
As you read the scroll labelled QEYKAIHENY, it crumbles to dust.
The creatures around you are filled with an inner flame!
It was a scroll of immolation.
The iron imp disappears for a moment.
The iron imp hits you.
* * * LOW HITPOINT WARNING * * *
The iron imp hits you but does no damage.
Eustachio mumbles some strange words.
Eustachio blinks!
As you read the scroll labelled LORAXT RELIKLE, it crumbles to dust.
It is a scroll of amnesia.
You feel forgetful for a moment. The bat barely misses you.
The river rat bites you.
* * * LOW HITPOINT WARNING * * *
It was a potion of invisibility.
You fade into invisibility!
The iron imp hits you.
* * * LOW HITPOINT WARNING * * *
The iron imp closely misses you.
Fire: m) +0 sling (elec)
Press: ? - help, Shift-Dir - straight line, f - iron imp, p - iron imp
Aim: an iron imp (moderately wounded, summoned, inner flame, unable to see you, 70% to hit)
You shoot a sling bullet.
The sling bullet hits the iron imp but does no damage.
The iron imp is moderately wounded.
The bat hits you but does no damage. The river rat bites you!
You die...

#............#
#..#####.##?.#
#.# #... ..##...
....# #..##
##>....# #.#.#
#..# #.....#
#.#.# #.....
#.#.# #.....###
#.#.#
#....5#b#####.#.#
#@5r.....#.######
##r#####.........
#@# #.#.......
#.# #.#####... ∆
#.# #.# # #.# #.#
#######.# #.# #.#
#........ #.#
#.######.# ##.##
#.# #..
#........#


You could see Eustachio (inner flame, resistant, unable to see you), 2 iron
imps, a river rat (summoned, inner flame, unable to see you), a quokka
(summoned, inner flame, unable to see you) and a bat (summoned, inner flame).

Vanquished Creatures
  A scorpion (D:4)
  2 orc priests (D:4)
  2 adders
  A worm (D:2)
  3 dart slugs
  7 orcs
  6 endoplasms
  4 giant cockroaches
  4 hobgoblins
  4 kobolds
  3 quokkas
  10 ball pythons
  6 bats
  4 frilled lizards (D:1)
  4 goblins
  6 rats
67 creatures vanquished.

Notes
Turn   | Place    | Note
-------+----------+-------------------------------------------
     0 | D:1      | MineK the Gnoll Wanderer began the quest for the Orb.
     0 | D:1      | MineK set off with the following items: a +2 quarterstaff,
                  | a +0 sling, a +0 pair of gloves, a potion of lignification,
                  | a +0 robe.
     0 | D:1      | Reached XP level 1. HP: 17/17 MP: 1/1
    76 | D:1      | Reached XP level 2. HP: 23/23 MP: 2/2
   424 | D:1      | Reached XP level 3. HP: 28/28 MP: 3/3
   744 | D:2      | Reached skill level 1 in Invocations
   818 | D:2      | Reached skill level 1 in Short Blades
   818 | D:2      | Reached skill level 1 in Long Blades
   818 | D:2      | Reached skill level 1 in Axes
   818 | D:2      | Reached skill level 1 in Maces & Flails
   818 | D:2      | Reached skill level 1 in Polearms
   818 | D:2      | Reached skill level 1 in Throwing
   818 | D:2      | Reached skill level 1 in Armour
   818 | D:2      | Reached skill level 1 in Dodging
   818 | D:2      | Reached skill level 1 in Shields
   818 | D:2      | Reached skill level 1 in Unarmed Combat
   818 | D:2      | Reached skill level 1 in Spellcasting
   818 | D:2      | Reached skill level 1 in Evocations
  1492 | D:3      | Reached XP level 4. HP: 34/34 MP: 5/5
  1555 | D:3      | Noticed a floating eye
  1557 | D:3      | Found a faded altar of an unknown god.
  1558 | D:3      | Noticed an eye of devastation
  1558 | D:3      | Noticed a floating eye
  1558 | D:3      | Noticed a floating eye
  1711 | D:3      | Found a blossoming altar of Fedhas.
  1915 | D:3      | Reached skill level 1 in Conjurations
  1915 | D:3      | Reached skill level 1 in Hexes
  1915 | D:3      | Reached skill level 1 in Summonings
  1915 | D:3      | Reached skill level 1 in Necromancy
  1915 | D:3      | Reached skill level 1 in Translocations
  1915 | D:3      | Reached skill level 1 in Transmutations
  1915 | D:3      | Reached skill level 1 in Fire Magic
  1915 | D:3      | Reached skill level 1 in Ice Magic
  1915 | D:3      | Reached skill level 1 in Air Magic
  1915 | D:3      | Reached skill level 1 in Earth Magic
  1915 | D:3      | Reached skill level 1 in Poison Magic
  2291 | D:4      | Noticed a scorpion
  2293 | D:4      | Killed a scorpion
  2294 | D:4      | Reached XP level 5. HP: 41/41 MP: 5/7
  2326 | D:4      | Noticed Eustachio
  2504 | D:4      | Identified the +1 robe "Zehasis" {Rampage Fly Regen+}
  2625 | D:4      | HP: 2/41 [iron imp[Eustachio] (2)]
  2626 | D:4      | Slain by a river rat

Illustrated notes

Levels and vault maps discovered:
D:1:      minmay_arrival_three_doors, layout_basic
D:2:      layout_loops_corners
D:3:      layout_basic, fedhas_altar_fruit_tree,
          hellmonk_ecumenical_altar_watching_god
D:4:      layout_loops_ring, gammafunk_ghost_necromancy, uniq_eustachio

Skill      XL: |  1  2  3  4  5 |
---------------+----------------+-----
Invocations    | 1 2 |  2.0
Short Blades   | 1 |  1.8
Long Blades    | 1 |  1.8
Axes           | 1 |  1.8
Maces & Flails | 1 |  1.8
Polearms       | 1 |  1.8
Throwing       | 1 |  1.8
Armour         | 1 |  1.8
Dodging        | 1 |  1.8
Shields        | 1 |  1.8
Unarmed Combat | 1 |  1.8
Spellcasting   | 1 |  1.8
Evocations     | 1 |  1.8
Conjurations   | 1 |  1.4
Hexes          | 1 |  1.4
Summonings     | 1 |  1.4
Necromancy     | 1 |  1.4
Translocations | 1 |  1.4
Transmutations | 1 |  1.4
Fire Magic     | 1 |  1.4
Ice Magic      | 1 |  1.4
Air Magic      | 1 |  1.4
Earth Magic    | 1 |  1.4
Poison Magic   | 1 |  1.4
Fighting       | 3 |  3.1
Staves         | |  6.8
Ranged Weapons | |  8.7
Stealth        | |  4.5

Action                   |  1- 3 |  4- 6 || total
-------------------------+-------+-------++-------
 Fire: Sling             |    97 |    70 ||   167
  Use: Scroll            |     3 |     2 ||     5
       Potion            |       |     3 ||     3
Armor: Robe              |    11 |     7 ||    18
Dodge: Dodged            |    20 |    10 ||    30

Table legend: (Time is in decaauts)
 A = Elapsed time spent in this place.
 B = Non-inter-level travel time spent in this place.
 C = Inter-level travel time spent in this place.
 D = Time resting spent in this place.
 E = Time spent auto-exploring this place.
 F = Levels seen in this place.
 G = Mean time per level.
                   A        B        C        D        E       F      G
               +--------+--------+--------+--------+--------+-----+--------+
         Total |   2619 |   2482 |    137 |      0 |   2132 |   4 |  654.8 |
       Dungeon |   2619 |   2482 |    137 |      0 |   2132 |   4 |  654.8 |
               +--------+--------+--------+--------+--------+-----+--------+

Top non-repeatable levels by time:
     D:2: 862 daAuts
     D:3: 749 daAuts
     D:1: 620 daAuts
     D:4: 387 daAuts
